 Dungeon Crawl Stone Soup version 0.30.1-9-gdf580d7c3d (webtiles) character file.

Game seed: 17742517954076666908

129 FishyPogo the Scholar of Death (level 4, -2/33 HPs)
             Began as a Demonspawn Necromancer on Sept 29, 2023.
             Was a Follower of Kikubaaqudgha.
             Slain by Natasha (4 damage)
             ... on level 3 of the Dungeon.
             The game lasted 00:10:38 (1979 turns).

FishyPogo the Scholar of Death (DsNe)               Turns: 1979, Time: 00:10:38

Health: -2/33      AC:  2    Str: 10    XL:     4   Next: 88%
Magic:  3/7        EV: 12    Int: 19    God:    Kikubaaqudgha [*.....]
Gold:   154        SH:  0    Dex: 11    Spells: 3/7 levels left

rFire   . . .        j - staff of poison "Quceme" {rElec rPois Str+2 Dex-2}
rCold   . . .        (no shield)
rNeg    . . .        a - +0 robe
rPois   +            (helmet restricted)
rElec   +            (no cloak)
rCorr   .            (no gloves)
SInv    .            (no boots)
Will    .....        (no amulet)
Stlth   ++           (no ring)
HPRegen 0.25/turn    (no ring)
MPRegen 0.10/turn

%: no passive effects
@: brilliant, flying
A: antennae 1
a: Renounce Religion, Unearth Wretches


You were on level 3 of the Dungeon.
You worshipped Kikubaaqudgha.
Kikubaaqudgha was aware of your devotion.
You visited 1 branch of the dungeon, and saw 3 of its levels.

You collected 154 gold pieces.

Inventory:

Hand Weapons
 g - a +1 dagger of draining
Missiles
 d - 35 stones
 l - 2 poisoned darts
Armour
 a - a +0 robe (worn)
Magical Staves
 j - the staff of poison "Quceme" (weapon) {rElec rPois Str+2 Dex-2}
   (You found it on level 2 of the Dungeon)

   [staff of poison]

   Base accuracy: +5 Base damage: 5 Base attack delay: 1.2 This weapon's minimum
   attack delay (0.6) is reached at skill level 12.
   Str:       It affects your strength (+2).
   Dex:       It affects your dexterity (-2).
   rElec:     It insulates you from electricity.
   rPois:     It protects you from poison.
   It falls into the 'Staves' category.
   It is a one-handed weapon.
 k - a staff of fire
 p - a staff of air
Scrolls
 c - a scroll of enchant armour {unknown}
 f - a scroll of immolation {unknown}
 i - 2 scrolls of noise {unknown}
 n - 2 scrolls of fog {unknown}
 o - 3 scrolls of identify {unknown}
 q - a scroll of enchant weapon {unknown}
 r - a scroll of torment {unknown}
Potions
 b - a potion of magic
 e - a potion of brilliance
 h - 3 potions of flight
 m - a potion of attraction {unknown}


   Skills:
 + Level 2.0 Fighting
 - Level 1.1 Short Blades
 + Level 1.6 Staves
 - Level 2.0 Dodging
 - Level 2.0 Stealth
 - Level 2.0 Spellcasting
 + Level 5.3 Necromancy


You had 3 spell levels left.
You knew the following spells:

 Your Spells              Type           Power      Damage    Failure   Level
a - Necrotise             Necr           100%       1d9       1%          1
b - Vampiric Draining     Necr           33%        2d8       5%          3

Your spell library contained the following spells:

 Spells                   Type           Power      Damage    Failure   Level
 Sublimation of Blood     Necr           33%        N/A       2%          2
 Cigotuvi's Dreadful Rot  Necr/Pois/Air  38%        N/A       12%         2
 Apportation              Tloc           4%         N/A       17%         1
 Sandblast                Erth           4%         2d4       17%         1
 Summon Small Mammal      Summ           8%         N/A       17%         1
 Lesser Beckoning         Tloc           4%         N/A       26%         2
 Passwall                 Tmut/Erth      1%         N/A       26%         2
 Gell's Gravitas          Tloc           2%         N/A       45%         3
 Stone Arrow              Conj/Erth      4%         3d7       45%         3
 Teleport Other           Tloc           2%         N/A       45%         3
 Animate Dead             Necr           33%        N/A       19%         4
 Agony                    Necr           33%        N/A       45%         5


Dungeon Overview and Level Annotations

Branches:
Dungeon (3/15)

Altars:
Kikubaaqudgha

Annotations:
D:3 Natasha


Innate Abilities, Weirdness & Mutations

You have a pair of small antennae on your head.


Message History

You see here an adder corpse.
Casting: Necrotise (safe; 1% risk of failure)
Confirm with . or Enter, or press ? or * to list all spells.
Aiming: Necrotise (safe; 1% risk of failure)
Press: ? - help, Shift-Dir - straight line, f - Natasha
Aim: Natasha, carrying a wand of quicksilver (6) (chance to affect: 81%) Natasha writhes in agony.
The withered plant crumbles away.
The cerulean imp hits you with a +2 spear.
Natasha howls an incantation.
Natasha shimmers violently.
Natasha claws you.
You barely miss Natasha.
Natasha is moderately wounded.
The cerulean imp barely misses you. Natasha claws you.
The cerulean imp hits you with a +2 spear.
* * * LOW HITPOINT WARNING * * *
Casting: Necrotise (safe; 1% risk of failure)
Confirm with . or Enter, or press ? or * to list all spells.
Aiming: Vampiric Draining (dangerous; 5% risk of failure)
Press: ? - help, Shift-Dir - straight line, f/p - Natasha
Aim: Natasha, carrying a wand of quicksilver (6) (moderately wounded)
You draw life force from Natasha!
You feel life coursing into your body. Natasha claws you.
* * * LOW HITPOINT WARNING * * *
The cerulean imp hits you with a +2 spear.
* * * LOW HITPOINT WARNING * * *
Casting: Vampiric Draining (dangerous; 5% risk of failure)
Confirm with . or Enter, or press ? or * to list all spells.
You don't have enough magic to cast this spell.
It was a potion of flight.
You feel very buoyant.
You fly up into the air.
Natasha claws you.
* * * LOW HITPOINT WARNING * * *
The cerulean imp misses you.
It was a potion of brilliance.
You feel clever all of a sudden. Natasha claws you.
You die...
Kikubaaqudgha rasps: "You have failed me!
Welcome... death!"

#..........#
#..........####.
#.#...............
#.#........#.####.
#............#
#...#.....####
..P~.......#
.~~≈~....#.#
..~~~.h@##.#
..~~≈.5.†..#
.~~~~.######
..P~.. ..... .....
.... ....


You could see Natasha and a cerulean imp (summoned).

Vanquished Creatures
  Natasha (twice) (D:3)
  4 adders
  A dart slug (D:1)
  An orc (D:2)
  3 ball pythons (D:2)
  3 bats
  5 endoplasms
  A giant cockroach (D:1)
  3 goblins
  7 hobgoblins
  A quokka (D:2)
  A frilled lizard (D:1)
  3 kobolds
  4 rats
39 creatures vanquished.

Vanquished Creatures (collateral kills)
  A ball python (D:2)
1 creature vanquished.

Grand Total: 40 creatures vanquished

Notes
Turn   | Place    | Note
-------+----------+-------------------------------------------
     0 | D:1      | FishyPogo the Demonspawn Necromancer began the quest for
                  | the Orb.
     0 | D:1      | Reached XP level 1. HP: 13/13 MP: 3/3
   240 | D:1      | Gained mutation: You have a pair of small antennae on your
                  | head. [demonic ancestry]
   240 | D:1      | Reached XP level 2. HP: 19/19 MP: 3/5
   652 | D:1      | Reached skill level 1 in Short Blades
   678 | D:1      | Found a faded altar of an unknown god.
   691 | D:1      | Prayed at the altar of an unknown god.
   691 | D:1      | Became a worshipper of Kikubaaqudgha
   691 | D:1      | Reached * piety under Kikubaaqudgha
   691 | D:1      | Received a gift from Kikubaaqudgha
   981 | D:2      | Identified the staff of poison "Quceme" {rElec rPois Str+2
                  | Dex-2}
   989 | D:2      | Reached XP level 3. HP: 21/25 MP: 2/6
  1138 | D:2      | Reached skill level 1 in Fighting
  1414 | D:2      | Reached skill level 5 in Necromancy
  1773 | D:2      | Reached skill level 1 in Staves
  1806 | D:3      | Reached XP level 4. HP: 24/32 MP: 1/7
  1810 | D:3      | Learned a level 3 spell: Vampiric Draining
  1860 | D:3      | Noticed Natasha
  1871 | D:3      | Killed Natasha
  1913 | D:3      | Noticed Natasha
  1924 | D:3      | Killed Natasha
  1927 | D:3      | Noticed Natasha
  1979 | D:3      | Slain by Natasha

Illustrated notes

Levels and vault maps discovered:
D:1:      minmay_arrival_stone_box, layout_basic,
          shapermc_ecumenical_altar_mp_highgroup
D:2:      layout_loops_cross
D:3:      layout_basic, serial_undead, serial_undead_f, serial_undead_b,
          serial_undead_f, serial_undead_f, uniq_natasha

Skill      XL: |  1  2  3  4 |
---------------+-------------+-----
Stealth        | 2 |  2.0
Dodging        | 2 |  2.0
Short Blades   | 1 |  1.1
Fighting       | 1 2 |  2.0
Necromancy     | 5 |  5.3
Staves         | 1 |  1.6
Spellcasting   | |  2.0

Action                     |  1- 3 |  4- 6 || total
---------------------------+-------+-------++-------
  Melee: Unarmed           |     9 |       ||     9
         Dagger            |     5 |       ||     5
         Staff             |     6 |     6 ||    12
         Punch             |       |     1 ||     1
   Cast: Necrotise         |    72 |    10 ||    82
         Vampiric Draining |       |     2 ||     2
    Use: Potion            |       |     2 ||     2
 Armour: Robe              |     6 |       ||     6
  Dodge: Dodged            |    17 |     8 ||    25
